 Dungeon Crawl Stone Soup version 0.31-a0-1104-g3bd3108e02 (webtiles) character file.

Game seed: 2204534001684782557

85 Crownlay the Poker (level 4, 0/41 HPs)
             Began as a Minotaur Fighter on Dec 2, 2023.
             Slain by Sigmund
             ... wielding a +0 scythe
              (7 damage)
             ... on level 3 of the Dungeon.
             The game lasted 00:04:23 (1462 turns).

Crownlay the Poker (Minotaur Fighter)               Turns: 1462, Time: 00:04:23

Health: 0/41       AC:  8    Str: 29    XL:     4   Next: 25%
Magic:  3/3        EV: 14    Int:  5    God:
Gold:   47         SH:  4    Dex:  6    Spells: 3/3 levels left

rFire   + . .        a - +0 trident
rCold   x . .        c - +0 buckler
rNeg    . . .        b - +0 scale mail
rPois   .            (helmet restricted)
rElec   .            e - +0 cloak
rCorr   .            (no gloves)
SInv    .            (no boots)
Will    +....        (no amulet) Stlth
                     r - ring of the Original Sin {Fire Str+6 Dex-3}
HPRegen 0.26/turn    l - +5 ring of evasion
MPRegen 0.08/turn

%: no passive effects
@: mighty, enlightened, flying
A: horns 2, retaliatory headbutt
a: no special abilities


You were on level 3 of the Dungeon.
You visited 1 branch of the dungeon, and saw 3 of its levels.

You collected 97 gold pieces.
You spent 50 gold pieces at shops.

Inventory:

Hand Weapons
 a - a +0 trident (weapon)
Armour
 b - a +0 scale mail (worn)
 c - a +0 buckler (worn)
 e - a +0 cloak (worn)
 q - a +0 kite shield
Jewellery
 i - a ring of protection from cold
 l - a +5 ring of evasion (right hand)
 r - the ring of the Original Sin (left hand) {Fire Str+6 Dex-3}
   (You found it on level 3 of the Dungeon)

   [ring of fire]

   Fire:      It enhances your fire magic.
   Str+6:     It affects your strength (+6).
   Dex-3:     It affects your dexterity (-3).
   rF+:       It protects you from fire.
   rC-:       It makes you vulnerable to cold.
Scrolls
 f - 3 scrolls of noise
 g - 4 scrolls of teleportation
 m - 2 scrolls of identify
 p - 2 scrolls of fear
Potions
 d - a potion of might
 h - a potion of mutation {unknown}
 j - 2 potions of cancellation {unknown}
 k - 2 potions of curing {unknown}
 n - a potion of magic {unknown}
 s - a potion of ambrosia {unknown}


   Skills:
 + Level 4.5 Fighting
 * Level 4.6 Polearms
 - Level 3.6 Armour
 + Level 3.9 Shields


You had 3 spell levels left.
You didn't know any spells.
Your spell library contained the following spells:

 Spells                   Type           Power      Damage    Failure   Level
 Necrotise                Necr           0%         1d4       78%         1
 Lesser Beckoning         Tloc           0%         N/A       89%         2
 Gell's Gravitas          Tloc           0%         N/A       98%         3
 Hailstorm                Conj/Ice       0%         3d3       98%         3
 Teleport Other           Tloc           0%         N/A       98%         3
 Vampiric Draining        Necr           0%         2d6       98%         3
 Summon Ice Beast         Ice/Summ       0%         N/A       100%        4
 Agony                    Necr           0%         N/A       100%        5
 Simulacrum               Ice/Necr       0%         N/A       100%        6


Dungeon Overview and Level Annotations

Branches:
Dungeon (3/15)

Altars:

Shops:
D:1 *

Annotations:
D:3 Sigmund


Innate Abilities, Weirdness & Mutations

You have a pair of horns on your head.
You reflexively headbutt those who attack you in melee.


Message History

You resist with some effort.
Sigmund laughs darkly.
Unknown command.
You feel very buoyant.
You fly up into the air.
You feel less confused.
Sigmund points at you and mumbles some strange words.
The puff of flame hits you. You resist.
Okay, then.
You feel very mighty all of a sudden.
Sigmund casts a spell.
Sigmund flickers and vanishes!
Deactivating autopickup; reactivate with Ctrl-A.
You hear some strange, mumbled words.
You are confused.
You see here a scroll labelled YMOBBE QAYZUA.
You're too confused to move!
Something hits you but does no damage.
You're too confused to move!
You hear some strange, mumbled words.
A magic dart appears from out of thin air!
The magic dart hits you! Something hits you.
You see here a scroll labelled YMOBBE QAYZUA.
You miss something. Your headbutt misses something.
Something barely misses you.
You completely miss something. Something hits you.
You miss something. Your headbutt misses something.
You feel less confused. Something hits you!
You closely miss something. You hit something. Something hits you.
You closely miss something. You block something's attack.
You miss something. Something hits you but does no damage.
You barely miss something. You hit something. Your headbutt misses something.
Something hits you but does no damage.
You barely miss something. Something hits you!
* * * LOW HITPOINT WARNING * * *
You closely miss something. Your headbutt misses something. Something hits you!
You die...

##################
...............>#
#..........###.#
#..........# #.#
#>.........# #.#
#.....@....# #.#
#....{.....# #.#
#..........# #.#
#...<......# #.#
#..........# #.#
##.......### #.#
######### #.# #.#
#.#


There were no monsters in sight!

Vanquished Creatures
  3 adders
  A worm (D:2)
  A dart slug (D:2)
  An orc (D:3)
  2 ball pythons
  5 bats
  6 endoplasms
  3 giant cockroaches
  4 goblins
  6 hobgoblins
  3 jackals (D:2)
  4 kobolds
  A quokka (D:1)
  3 frilled lizards
  6 rats
49 creatures vanquished.

Notes
Turn   | Place    | Note
-------+----------+-------------------------------------------
     0 | D:1      | Crownlay the Minotaur Fighter began the quest for the Orb.
     0 | D:1      | Reached XP level 1. HP: 19/19 MP: 0/0
   151 | D:1      | Found Enlefixy's General Store.
   313 | D:1      | Found a faded altar of an unknown god.
   325 | D:1      | Reached XP level 2. HP: 27/27 MP: 1/1
   766 | D:2      | Reached XP level 3. HP: 33/33 MP: 2/2
  1114 | D:2      | Noticed an ogre
  1218 | D:1      | Bought a scroll of noise for 10 gold pieces
  1218 | D:1      | Bought a scroll of fear for 40 gold pieces
  1277 | D:3      | Reached XP level 4. HP: 41/41 MP: 3/3
  1324 | D:3      | Identified the ring of the Original Sin {Fire Str+6 Dex-3}
  1439 | D:3      | Noticed Sigmund
  1462 | D:3      | Slain by Sigmund

Illustrated notes

Levels and vault maps discovered:
D:1:      roderic_crop_circles_arrival_small, layout_loops_ring, serial_shops,
          shop, chequers_ecumenical_altar_simple_redux
D:2:      minmay_razor_zed, layout_rooms
D:3:      layout_basic, kennysheep_jessica_study, uniq_sigmund

Skill      XL: |  1  2 |
---------------+-------+-----
Polearms       | 3 4 |  4.6
Fighting       | 4 |  4.5
Armour         | |  3.6
Shields        | |  3.9

Action                     |  1- 3 |  4- 6 || total
---------------------------+-------+-------++-------
  Melee: Trident           |    90 |    30 ||   120
         Headbutt          |     8 |     1 ||     9
    Use: Scroll            |     2 |       ||     2
         Potion            |       |     2 ||     2
 Armour: Scale mail        |    21 |    21 ||    42
  Dodge: Dodged            |    21 |    10 ||    31
  Block: Buckler           |    11 |     6 ||    17

Table legend: (Time is in decaauts)
 A = Elapsed time spent in this place.
 B = Non-inter-level travel time spent in this place.
 C = Inter-level travel time spent in this place.
 D = Time resting spent in this place.
 E = Time spent auto-exploring this place.
 F = Levels seen in this place.
 G = Mean time per level.
                   A        B        C        D        E       F      G
               +--------+--------+--------+--------+--------+-----+--------+
         Total |   1476 |   1367 |    109 |      0 |   1016 |   3 |  492.0 |
       Dungeon |   1476 |   1367 |    109 |      0 |   1016 |   3 |  492.0 |
               +--------+--------+--------+--------+--------+-----+--------+

Top non-repeatable levels by time:
     D:1: 738 daAuts
     D:2: 539 daAuts
     D:3: 198 daAuts
